Penguins vs Avalanche

Created - 3 avril 2024 at 08:33

Goals
1 2 3 T
Penguins 0 0 1 1
Avalanche 1 1 1 3
Shots
1 2 3 T
Penguins 20 7 3 30
Avalanche 11 14 15 40

GoalsPenalties
1st period
1. Avalanche , Zach Parise 11 (Brayden Point 42, Vitek Vanecek) at 17:19
Zach Parise (COL) for Tripping (Minor) at 8:40
J.T. Miller (PIT) for High sticking (Minor) at 18:24
2nd period
2. Avalanche , Josh Anderson 15 (Ivan Barbashev 20, Adam Henrique 38) at 17:14
T.J. Oshie (PIT) for Boarding (Minor) at 4:59
Nicolas Roy (COL) for Interference (Minor) at 14:52
Josh Anderson (COL) for Hooking (Minor) at 19:32
3rd period
3. Penguins , Stefan Noesen 9 (Mikael Granlund 27) at 6:27
4. Avalanche , Sean Durzi 5 (Mathieu Joseph 10) at 19:49 (Empty Net)
Dmitry Orlov (PIT) for Tripping (Minor) at 9:33
Goalie Stats
Spencer Knight (PIT), 37 saves from 39 shots - (0,949), L, 14-17-1, 59:19 minutes
Vitek Vanecek (COL), 29 saves from 30 shots - (0,967), W, 27-14-4, 60:00 minutes
3 StarsOfficial
1 - Vitek Vanecek (COL)
2 - Sean Durzi (COL)
3 - Spencer Knight (PIT)
Referees : Jim Curtin and Pierre Lambert
Linesman : Ryan Gibbons and Julien Fournier
Game Note
Sean Durzi has scored in a empty net!
Finance
Level 1 -- Attendance: 6000 (100,00%) -- Ticket Income $600,000
Level 2 -- Attendance: 3726 (74,52%) -- Ticket Income $260,820
Level 3 -- Attendance: 1398 (69,90%) -- Ticket Income $65,706
Level 4 -- Attendance: 2504 (62,60%) -- Ticket Income $87,640
Luxury Box -- Attendance: 1000 (100,00%) -- Ticket Income $160,000
Game was played at the Pepsi Center.
Total Attendance: 14628 (81,27%)
Total Ticket Income: $1,174,166
Other Income: $575,341
Total Income: $1,749,507



Team Name Goals Shots Shots Attemp Shots Blocked PIM HIT PP PK FO%
Penguins 13050126150 / 3 (0%)037%
Avalanche 3407786200 / 3 (0%)063%

Penguins
Player Name POS G A P +/- PIM HIT SHT SB MP PP MP PP SHT PK MP PK SHT FO% FOT GA TA
Auston MatthewsC0000013013:350:0000:0000% 200
Cale MakarD000-2016220:060:0003:5500% 010
Chad RuhwedelD0000020117:333:2000:4000% 000
Charlie CoyleC/LW/RW000-1001118:372:4700:3500% 020
Curtis LazarC/RW000-2022019:350:1201:55033% 300
Derek RyanC000-100029:160:0000:0000% 100
Dmitry OrlovD000-3212123:353:2002:4200% 004
Ethan BearD0000000023:342:3702:3500% 002
J.T. MillerC/LW/RW000-1213017:312:2100:00050% 1210
Jesse PuljujarviRW000000000:000:0000:0000% 000
Lawson CrouseLW/RW0000033119:333:0302:4900% 000
Matt NietoLW/RW000-100109:160:0000:0000% 000
Matthew BeniersC0000023116:132:2900:00036% 1400
Mikael GranlundC/LW/RW0110021016:153:3103:27033% 1200
Miles WoodLW/RW000000000:000:0000:0000% 000
Ryan MurrayD0001000112:590:0000:0000% 000
Stefan NoesenLW/RW1010002011:170:0901:040100% 100
T.J. OshieC/LW/RW0000203022:043:1912:04035% 1720
Troy StecherD000000000:000:0000:0000% 000
Tyler MyersD0000000223:012:3702:0200% 000
Avalanche
Player Name POS G A P +/- PIM HIT SHT SB MP PP MP PP SHT PK MP PK SHT FO% FOT GA TA
Adam HenriqueC/LW/RW0111000016:102:3100:00053% 1510
Andrew CoppC/LW0001011112:310:0003:38040% 1000
Brayden PointC/LW/RW0110003018:083:2600:53071% 1410
Eric StaalC/LW0000021010:400:0002:19050% 200
Gustav ForslingD0000003225:233:3412:4000% 000
Gustav NyquistLW/RW0000001011:250:0000:0000% 000
Ilya MikheyevLW/RW0000005117:083:2600:000100% 110
Ivan BarbashevC/LW0111011013:290:0000:000100% 101
Jake SandersonD0000012121:382:2303:1700% 002
Josh AndersonLW/RW1011233116:372:3100:0000% 010
Mathieu JosephC/LW/RW0111004012:180:0003:380100% 101
Matt RoyD0001022013:050:0000:0000% 011
Nicolas RoyC/RW0001223014:160:0001:26072% 1800
Nino NiederreiterLW/RW0000042014:373:2620:0000% 000
Ryan McDonaghD0001001017:240:0002:2300% 000
Samuel GirardD0000013225:513:3423:3400% 001
Sean DurziD1012022016:392:2300:0000% 000
Zach PariseLW/RW1010213016:412:3100:0000% 010

Penguins

5 vs 5 Forward
Line #Left WingCenterRight WingPHYDFOFWanted %Time %Time Play
1Curtis LazarJ.T. MillerCharlie Coyle0143532%14:53
2Lawson CrouseMatthew BeniersAuston Matthews1223229%13:44
3Mikael GranlundT.J. OshieStefan Noesen1222120%9:14
4Matt NietoT.J. OshieDerek Ryan1311220%9:16
5 vs 5 Defense
Line #DefenseDefensePHYDFOFWanted %Time %Time Play
1Cale MakarDmitry Orlov1223536%17:01
2Tyler MyersEthan Bear1223539%18:22
3Chad RuhwedelRyan Murray1222018%8:23
4Chad RuhwedelRyan Murray140107%3:21
Power Play Forward
Line #Left WingCenterRight WingPHYDFOFWanted %Time %Time Play
1T.J. OshieMikael GranlundCharlie Coyle1136058%3:28
2Lawson CrouseMatthew BeniersJ.T. Miller1134042%2:29
Power Play Defense
Line #DefenseDefensePHYDFOFWanted %Time %Time Play
1Chad RuhwedelDmitry Orlov1226056%3:20
2Tyler MyersEthan Bear1224044%2:37
Penalty Kill 4 Players Forward
Line #CenterWingPHYDFOFWanted %Time %Time Play
1Mikael GranlundT.J. Oshie1226090%5:22
2Charlie CoyleLawson Crouse1224010%0:35
Penalty Kill 4 Players Defense
Line #DefenseDefensePHYDFOFWanted %Time %Time Play
1Cale MakarDmitry Orlov1226066%3:55
2Tyler MyersEthan Bear1224034%2:02
Penalty Kill 3 Players
Line #WingPHYDFOFWanted %Time %Time PlayDefenseDefensePHYDFOFWanted %Time %Time Play
1Lawson Crouse122600%0:00 Ryan MurrayDmitry Orlov122600%0:00
2Charlie Coyle122400%0:00 Tyler MyersEthan Bear122400%0:00
4 vs 4 Forward
Line #CenterWingPHYDFOFWanted %Time %Time Play
1Charlie CoyleMikael Granlund122600%0:00
2Matthew BeniersLawson Crouse122400%0:00
4 vs 4 Defense
Line #DefensePHYDFOFWanted %Time %Time Play
1Chad RuhwedelDmitry Orlov122600%0:00
2Tyler MyersEthan Bear122400%0:00
Last Minutes Offensive
Left WingCenterRight WingDefenseDefense
Curtis LazarJ.T. MillerCharlie CoyleCale MakarDmitry Orlov
Last Minutes Defensive
Left WingCenterRight WingDefenseDefense
Curtis LazarJ.T. MillerCharlie CoyleCale MakarDmitry Orlov
Time
Total ForwardTotal DefenseLast Minutes OffensiveLast Minutes Defensive
60:00 60:00 0:590:00
Extra Forwards
Normal PowerPlayPenalty Kill
Mikael Granlund, T.J. Oshie, Charlie CoyleMikael Granlund, T.J. OshieMikael Granlund
Extra Defensemen
Normal PowerPlayPenalty Kill
Ethan Bear, Chad Ruhwedel, Ryan MurrayEthan Bear, Ethan BearChad Ruhwedel
Penalty Shots
J.T. Miller, T.J. Oshie, Charlie Coyle, Lawson Crouse, Mikael Granlund
Goalie
Spencer Knight, Jack Campbell
Custom OT Lines Forwards
Curtis Lazar, J.T. Miller, Charlie Coyle, Lawson Crouse, Mikael Granlund, T.J. Oshie, Auston Matthews, Matthew Beniers, Stefan Noesen, Matt Nieto
Custom OT Lines Defensemen
Cale Makar, Dmitry Orlov, Tyler Myers, Ethan Bear, Chad Ruhwedel
Scratches
None

Avalanche

5 vs 5 Forward
Line #Left WingCenterRight WingPHYDFOFWanted %Time %Time Play
1Ivan BarbashevAdam HenriqueJosh Anderson0323228%13:15
2Ilya MikheyevBrayden PointZach Parise0233031%14:46
3Gustav NyquistNicolas RoyNino Niederreiter0232824%11:25
4Eric StaalAndrew CoppMathieu Joseph0321016%7:41
5 vs 5 Defense
Line #DefenseDefensePHYDFOFWanted %Time %Time Play
1Ryan McDonaghJake Sanderson0323233%15:28
2Samuel GirardGustav Forsling0323035%16:19
3Sean DurziMatt Roy0322828%13:05
4Jake SandersonGustav Forsling032105%2:15
Power Play Forward
Line #Left WingCenterRight WingPHYDFOFWanted %Time %Time Play
1Ilya MikheyevBrayden PointNino Niederreiter0145258%3:26
2Zach PariseAdam HenriqueJosh Anderson0144842%2:31
Power Play Defense
Line #DefenseDefensePHYDFOFWanted %Time %Time Play
1Gustav ForslingSamuel Girard0235260%3:34
2Sean DurziJake Sanderson0234840%2:23
Penalty Kill 4 Players Forward
Line #CenterWingPHYDFOFWanted %Time %Time Play
1Andrew CoppMathieu Joseph0415561%3:38
2Nicolas RoyEric Staal0414539%2:19
Penalty Kill 4 Players Defense
Line #DefenseDefensePHYDFOFWanted %Time %Time Play
1Ryan McDonaghGustav Forsling0415545%2:40
2Jake SandersonSamuel Girard0414555%3:17
Penalty Kill 3 Players
Line #WingPHYDFOFWanted %Time %Time PlayDefenseDefensePHYDFOFWanted %Time %Time Play
1Nicolas Roy050550%0:00 Ryan McDonaghGustav Forsling050550%0:00
2Andrew Copp050450%0:00 Jake SandersonSamuel Girard050450%0:00
4 vs 4 Forward
Line #CenterWingPHYDFOFWanted %Time %Time Play
1Brayden PointIlya Mikheyev023600%0:00
2Adam HenriqueJosh Anderson023400%0:00
4 vs 4 Defense
Line #DefensePHYDFOFWanted %Time %Time Play
1Ryan McDonaghGustav Forsling032600%0:00
2Jake SandersonSamuel Girard131400%0:00
Last Minutes Offensive
Left WingCenterRight WingDefenseDefense
Brayden PointAdam HenriqueIlya MikheyevRyan McDonaghGustav Forsling
Last Minutes Defensive
Left WingCenterRight WingDefenseDefense
Mathieu JosephAndrew CoppZach PariseRyan McDonaghGustav Forsling
Time
Total ForwardTotal DefenseLast Minutes OffensiveLast Minutes Defensive
60:00 60:00 0:000:59
Extra Forwards
Normal PowerPlayPenalty Kill
Nicolas Roy, Andrew Copp, Ivan BarbashevNicolas Roy, Andrew CoppNicolas Roy
Extra Defensemen
Normal PowerPlayPenalty Kill
Samuel Girard, Sean Durzi, Matt RoySamuel Girard, Samuel GirardSean Durzi
Penalty Shots
Gustav Nyquist, Matt Roy, Mathieu Joseph, Zach Parise, Brayden Point
Goalie
Vitek Vanecek, Thatcher Demko
Custom OT Lines Forwards
Brayden Point, Zach Parise, Josh Anderson, Nino Niederreiter, Nicolas Roy, Andrew Copp, Ivan Barbashev, Gustav Nyquist, Ilya Mikheyev, Mathieu Joseph
Custom OT Lines Defensemen
Ryan McDonagh, Gustav Forsling, Jake Sanderson, Samuel Girard, Sean Durzi
Scratches
Mason Appleton (Healthy), Juuso Parssinen (Healthy)


Play-by-Play

1st period


0:01 of 1st period - Adam Henrique wins face-off versus Curtis Lazar in neutral zone.
0:08 of 1st period - Ivan Barbashev is hit by Curtis Lazar.
0:09 of 1st period - Icing by Ivan Barbashev.
0:10 of 1st period - Adam Henrique wins face-off versus Curtis Lazar in Avalanche zone.
0:17 of 1st period - Slapshot by Josh Anderson.
0:17 of 1st period - Stopped by Spencer Knight with a rebound.
0:37 of 1st period - Slapshot by Cale Makar.
0:37 of 1st period - Stopped by Vitek Vanecek with a rebound.
0:39 of 1st period - Slapshot by Charlie Coyle.
0:39 of 1st period - Stopped by Vitek Vanecek without a rebound.
0:40 of 1st period - Brayden Point wins face-off versus Matthew Beniers in Avalanche zone.
2:07 of 1st period - Wrist shot by Ilya Mikheyev.
2:07 of 1st period - Stopped by Spencer Knight with a rebound.
2:09 of 1st period - Slapshot by Matt Roy.
2:09 of 1st period - Stopped by Spencer Knight with a rebound.
2:11 of 1st period - Slapshot by Matt Roy.
2:11 of 1st period - Stopped by Spencer Knight without a rebound.
2:12 of 1st period - T.J. Oshie wins face-off versus Nicolas Roy in Penguins zone.
2:19 of 1st period - Snap shot by Mikael Granlund.
2:19 of 1st period - Deflect By T.J. Oshie.
2:19 of 1st period - Stopped by Vitek Vanecek without a rebound.
2:20 of 1st period - Nicolas Roy wins face-off versus T.J. Oshie in Avalanche zone.
2:35 of 1st period - Wrist shot by Gustav Nyquist.
2:35 of 1st period - Stopped by Spencer Knight without a rebound.
2:36 of 1st period - Matthew Beniers wins face-off versus Brayden Point in Penguins zone.
3:45 of 1st period - Slapshot by Cale Makar.
3:45 of 1st period - Stopped by Vitek Vanecek with a rebound.
3:47 of 1st period - Slapshot by Cale Makar.
3:47 of 1st period - Shot Misses the Net.
3:49 of 1st period - Slapshot by Cale Makar.
3:49 of 1st period - Stopped by Vitek Vanecek with a rebound.
4:30 of 1st period - Off-side.
4:31 of 1st period - Adam Henrique wins face-off versus T.J. Oshie in neutral zone.
4:36 of 1st period - Snap shot by Ivan Barbashev.
4:36 of 1st period - Shot Blocked by Chad Ruhwedel.
5:21 of 1st period - Wrist shot by T.J. Oshie.
5:21 of 1st period - Stopped by Vitek Vanecek without a rebound.
5:22 of 1st period - Nicolas Roy wins face-off versus T.J. Oshie in Avalanche zone.
5:35 of 1st period - Derek Ryan is hit by Matt Roy.
5:36 of 1st period - Icing by Derek Ryan.
5:37 of 1st period - T.J. Oshie wins face-off versus Adam Henrique in Penguins zone.
5:49 of 1st period - Slapshot by Tyler Myers.
5:49 of 1st period - Shot Misses the Net.
6:17 of 1st period - Slapshot by Auston Matthews.
6:17 of 1st period - Stopped by Vitek Vanecek without a rebound.
6:18 of 1st period - Nicolas Roy wins face-off versus J.T. Miller in Avalanche zone.
6:27 of 1st period - Wrist shot by Nicolas Roy.
6:27 of 1st period - Stopped by Spencer Knight with a rebound.
6:29 of 1st period - Slapshot by Sean Durzi.
6:29 of 1st period - Deflect By J.T. Miller.
6:29 of 1st period - Stopped by Spencer Knight with a rebound.
6:50 of 1st period - Snap shot by Auston Matthews.
6:50 of 1st period - Stopped by Vitek Vanecek without a rebound.
6:51 of 1st period - Matthew Beniers wins face-off versus Adam Henrique in Avalanche zone.
6:54 of 1st period - Wrist shot by Lawson Crouse.
6:54 of 1st period - Stopped by Vitek Vanecek without a rebound.
6:55 of 1st period - Curtis Lazar wins face-off versus Adam Henrique in Avalanche zone.
8:06 of 1st period - Slapshot by Cale Makar.
8:06 of 1st period - Deflect By J.T. Miller.
8:06 of 1st period - Stopped by Vitek Vanecek with a rebound.
8:08 of 1st period - Slapshot by Cale Makar.
8:08 of 1st period - Shot Blocked by Jake Sanderson.
8:31 of 1st period - Slapshot by Cale Makar.
8:31 of 1st period - Stopped by Vitek Vanecek with a rebound.
8:33 of 1st period - Slapshot by Dmitry Orlov.
8:33 of 1st period - Stopped by Vitek Vanecek with a rebound.
8:35 of 1st period - Wrist shot by J.T. Miller.
8:35 of 1st period - Stopped by Vitek Vanecek with a rebound.
8:37 of 1st period - Wrist shot by J.T. Miller.
8:37 of 1st period - Stopped by Vitek Vanecek without a rebound.
8:38 of 1st period - Brayden Point wins face-off versus Matthew Beniers in Avalanche zone.
8:40 of 1st period - Minor Penalty to Zach Parise for Tripping.
8:41 of 1st period - Andrew Copp wins face-off versus Mikael Granlund in Avalanche zone.
8:57 of 1st period - Snap shot by T.J. Oshie.
8:57 of 1st period - Stopped by Vitek Vanecek without a rebound.
8:58 of 1st period - Mikael Granlund wins face-off versus Andrew Copp in Avalanche zone.
9:25 of 1st period - Ethan Bear is hit by Eric Staal and loses puck.
9:32 of 1st period - Samuel Girard is hit by Lawson Crouse and loses puck.
10:15 of 1st period - Icing by T.J. Oshie.
10:16 of 1st period - T.J. Oshie wins face-off versus Nicolas Roy in Penguins zone.
10:31 of 1st period - Samuel Girard is hit by Matthew Beniers and loses puck.
10:40 of 1st period - Penalty to Zach Parise is over, Zach Parise is back on ice.
12:15 of 1st period - Snap shot by Mathieu Joseph.
12:15 of 1st period - Deflect By Eric Staal.
12:15 of 1st period - Stopped by Spencer Knight without a rebound.
12:16 of 1st period - Eric Staal wins face-off versus Derek Ryan in Penguins zone.
12:36 of 1st period - Icing by Mathieu Joseph.
12:37 of 1st period - J.T. Miller wins face-off versus Eric Staal in Avalanche zone.
12:44 of 1st period - Snap shot by Matthew Beniers.
12:44 of 1st period - Stopped by Vitek Vanecek with a rebound.
12:46 of 1st period - Wrist shot by Cale Makar.
12:46 of 1st period - Stopped by Vitek Vanecek with a rebound.
12:48 of 1st period - Snap shot by Matthew Beniers.
12:48 of 1st period - Shot Blocked by Gustav Forsling.
12:50 of 1st period - Slapshot by Dmitry Orlov.
12:50 of 1st period - Stopped by Vitek Vanecek without a rebound.
12:51 of 1st period - Nicolas Roy wins face-off versus Matthew Beniers in Avalanche zone.
13:02 of 1st period - Backhand shot by Matthew Beniers.
13:02 of 1st period - Stopped by Vitek Vanecek with a rebound.
13:04 of 1st period - Snap shot by Lawson Crouse.
13:04 of 1st period - Stopped by Vitek Vanecek without a rebound.
13:05 of 1st period - Brayden Point wins face-off versus Mikael Granlund in Avalanche zone.
13:10 of 1st period - Snap shot by Zach Parise.
13:10 of 1st period - Shot Misses the Net.
13:41 of 1st period - Snap shot by Lawson Crouse.
13:41 of 1st period - Shot Misses the Net.
13:53 of 1st period - Snap shot by Andrew Copp.
13:53 of 1st period - Shot Misses the Net.
14:03 of 1st period - Eric Staal is hit by J.T. Miller and loses puck.
14:14 of 1st period - Mikael Granlund is hit by Josh Anderson and loses puck.
15:10 of 1st period - Slapshot by Cale Makar.
15:10 of 1st period - Shot Misses the Net.
15:38 of 1st period - Matt Roy is hit by Chad Ruhwedel and loses puck.
16:19 of 1st period - Snap shot by J.T. Miller.
16:19 of 1st period - Shot Misses the Net.
16:31 of 1st period - Snap shot by Mathieu Joseph.
16:31 of 1st period - Stopped by Spencer Knight without a rebound.
16:32 of 1st period - Andrew Copp wins face-off versus Matthew Beniers in Penguins zone.
16:35 of 1st period - Slapshot by Mathieu Joseph.
16:35 of 1st period - Stopped by Spencer Knight with a rebound.
16:57 of 1st period - Ilya Mikheyev is hit by Dmitry Orlov and loses puck.
17:19 of 1st period - Snap shot by Zach Parise.
17:19 of 1st period - Goal by Zach Parise - Penguins : 0 - Avalanche : 1.
17:20 of 1st period - Brayden Point wins face-off versus T.J. Oshie in neutral zone.
17:35 of 1st period - Ryan McDonagh is hit by Mikael Granlund and loses puck.
18:24 of 1st period - Minor Penalty to J.T. Miller for High sticking.
18:25 of 1st period - Ilya Mikheyev wins face-off versus Mikael Granlund in Penguins zone.
19:01 of 1st period - Cale Makar is hit by Zach Parise.
Goals for this period are 0 for Penguins vs 1 for Avalanche.
Shots for this period are 20 for Penguins vs 11 for Avalanche.

2nd period


0:01 of 2nd period - Mikael Granlund wins face-off versus Brayden Point in neutral zone.
0:24 of 2nd period - Penalty to J.T. Miller is over, J.T. Miller is back on ice.
0:42 of 2nd period - Samuel Girard is hit by Lawson Crouse and loses puck.
3:22 of 2nd period - Snap shot by Lawson Crouse.
3:22 of 2nd period - Stopped by Vitek Vanecek without a rebound.
3:23 of 2nd period - Matthew Beniers wins face-off versus Adam Henrique in Avalanche zone.
3:40 of 2nd period - Snap shot by Lawson Crouse.
3:40 of 2nd period - Shot Misses the Net.
4:12 of 2nd period - Icing by Matt Nieto.
4:13 of 2nd period - Brayden Point wins face-off versus T.J. Oshie in Penguins zone.
4:16 of 2nd period - Wrist shot by Brayden Point.
4:16 of 2nd period - Shot Blocked by Derek Ryan.
4:18 of 2nd period - Wrist shot by Brayden Point.
4:18 of 2nd period - Stopped by Spencer Knight with a rebound.
4:20 of 2nd period - Wrist shot by Ilya Mikheyev.
4:20 of 2nd period - Shot Blocked by Tyler Myers.
4:22 of 2nd period - Slapshot by Matt Roy.
4:22 of 2nd period - Deflect By Brayden Point.
4:22 of 2nd period - Shot Blocked by Derek Ryan.
4:22 of 2nd period - Puck is out of play.
4:23 of 2nd period - Matthew Beniers wins face-off versus Nicolas Roy in Penguins zone.
4:35 of 2nd period - Wrist shot by Matthew Beniers.
4:35 of 2nd period - Stopped by Vitek Vanecek without a rebound.
4:36 of 2nd period - Brayden Point wins face-off versus T.J. Oshie in Avalanche zone.
4:47 of 2nd period - Wrist shot by Brayden Point.
4:47 of 2nd period - Stopped by Spencer Knight with a rebound.
4:51 of 2nd period - Wrist shot by Brayden Point.
4:51 of 2nd period - Shot Misses the Net.
4:53 of 2nd period - Snap shot by Zach Parise.
4:53 of 2nd period - Shot Misses the Net.
4:59 of 2nd period - Minor Penalty to T.J. Oshie for Boarding.
5:00 of 2nd period - Brayden Point wins face-off versus Mikael Granlund in Penguins zone.
5:01 of 2nd period - Wrist shot by Nino Niederreiter.
5:01 of 2nd period - Stopped by Spencer Knight with a rebound.
5:03 of 2nd period - Snap shot by Nino Niederreiter.
5:03 of 2nd period - Shot Misses the Net.
5:05 of 2nd period - Slapshot by Samuel Girard.
5:05 of 2nd period - Stopped by Spencer Knight with a rebound.
5:07 of 2nd period - Snap shot by Nino Niederreiter.
5:07 of 2nd period - Shot Blocked by Cale Makar.
5:09 of 2nd period - Slapshot by Samuel Girard.
5:09 of 2nd period - Stopped by Spencer Knight without a rebound.
5:10 of 2nd period - Brayden Point wins face-off versus Mikael Granlund in Penguins zone.
5:15 of 2nd period - Wrist shot by Nino Niederreiter.
5:15 of 2nd period - Stopped by Spencer Knight with a rebound.
5:35 of 2nd period - Snap shot by Brayden Point.
5:35 of 2nd period - Shot Blocked by Lawson Crouse.
5:37 of 2nd period - Slapshot by Gustav Forsling.
5:37 of 2nd period - Stopped by Spencer Knight without a rebound.
5:38 of 2nd period - Adam Henrique wins face-off versus Mikael Granlund in Penguins zone.
6:59 of 2nd period - Penalty to T.J. Oshie is over, T.J. Oshie is back on ice.
7:09 of 2nd period - Derek Ryan is hit by Andrew Copp and loses puck.
7:31 of 2nd period - Icing by Auston Matthews.
7:32 of 2nd period - Nicolas Roy wins face-off versus Auston Matthews in Penguins zone.
7:33 of 2nd period - Slapshot by Nino Niederreiter.
7:33 of 2nd period - Shot Misses the Net.
7:35 of 2nd period - Slapshot by Gustav Forsling.
7:35 of 2nd period - Shot Blocked by Tyler Myers.
7:37 of 2nd period - Slapshot by Nino Niederreiter.
7:37 of 2nd period - Shot Misses the Net.
7:39 of 2nd period - Backhand shot by Samuel Girard.
7:39 of 2nd period - Stopped by Spencer Knight with a rebound.
7:41 of 2nd period - Snap shot by Nicolas Roy.
7:41 of 2nd period - Stopped by Spencer Knight with a rebound.
8:16 of 2nd period - Snap shot by Mikael Granlund.
8:16 of 2nd period - Stopped by Vitek Vanecek with a rebound.
8:20 of 2nd period - Snap shot by Stefan Noesen.
8:20 of 2nd period - Stopped by Vitek Vanecek with a rebound.
8:22 of 2nd period - Snap shot by Stefan Noesen.
8:22 of 2nd period - Deflect By Adam Henrique.
8:22 of 2nd period - Shot Blocked by Josh Anderson.
8:22 of 2nd period - Puck is out of play.
8:23 of 2nd period - Nicolas Roy wins face-off versus T.J. Oshie in Avalanche zone.
8:34 of 2nd period - Slapshot by Mikael Granlund.
8:34 of 2nd period - Shot Misses the Net.
8:49 of 2nd period - Adam Henrique is hit by Auston Matthews and loses puck.
9:14 of 2nd period - Snap shot by Andrew Copp.
9:14 of 2nd period - Stopped by Spencer Knight without a rebound.
9:15 of 2nd period - J.T. Miller wins face-off versus Andrew Copp in Penguins zone.
10:19 of 2nd period - Snap shot by Mathieu Joseph.
10:19 of 2nd period - Shot Misses the Net.
10:21 of 2nd period - Slapshot by Ryan McDonagh.
10:21 of 2nd period - Stopped by Spencer Knight with a rebound.
10:23 of 2nd period - Snap shot by Jake Sanderson.
10:23 of 2nd period - Deflect By Mathieu Joseph.
10:23 of 2nd period - Stopped by Spencer Knight without a rebound.
10:24 of 2nd period - Adam Henrique wins face-off versus Matthew Beniers in Penguins zone.
11:11 of 2nd period - Slapshot by Cale Makar.
11:11 of 2nd period - Stopped by Vitek Vanecek without a rebound.
11:12 of 2nd period - Nicolas Roy wins face-off versus T.J. Oshie in Avalanche zone.
11:35 of 2nd period - Snap shot by Adam Henrique.
11:35 of 2nd period - Shot Misses the Net.
12:09 of 2nd period - Slapshot by Ilya Mikheyev.
12:09 of 2nd period - Shot Misses the Net.
12:21 of 2nd period - Curtis Lazar is hit by Nino Niederreiter and loses puck.
12:42 of 2nd period - Matthew Beniers is hit by Eric Staal and loses puck.
13:11 of 2nd period - Charlie Coyle is hit by Sean Durzi and loses puck.
13:57 of 2nd period - Wrist shot by Brayden Point.
13:57 of 2nd period - Stopped by Spencer Knight with a rebound.
14:42 of 2nd period - Derek Ryan is hit by Nino Niederreiter and loses puck.
14:52 of 2nd period - Minor Penalty to Nicolas Roy for Interference.
14:53 of 2nd period - Matthew Beniers wins face-off versus Andrew Copp in Avalanche zone.
16:13 of 2nd period - Andrew Copp is hit by Matthew Beniers and loses puck.
16:52 of 2nd period - Penalty to Nicolas Roy is over, Nicolas Roy is back on ice.
17:14 of 2nd period - Wrist shot by Josh Anderson.
17:14 of 2nd period - Goal by Josh Anderson - Penguins : 0 - Avalanche : 2.
17:15 of 2nd period - J.T. Miller wins face-off versus Adam Henrique in neutral zone.
17:17 of 2nd period - Off-side.
17:18 of 2nd period - J.T. Miller wins face-off versus Adam Henrique in neutral zone.
17:23 of 2nd period - Snap shot by Charlie Coyle.
17:23 of 2nd period - Shot Misses the Net.
17:25 of 2nd period - Wrist shot by Curtis Lazar.
17:25 of 2nd period - Shot Misses the Net.
17:29 of 2nd period - Snap shot by Curtis Lazar.
17:29 of 2nd period - Stopped by Vitek Vanecek without a rebound.
17:30 of 2nd period - Brayden Point wins face-off versus Auston Matthews in Avalanche zone.
18:02 of 2nd period - Snap shot by J.T. Miller.
18:02 of 2nd period - Shot Blocked by Gustav Forsling.
18:04 of 2nd period - Slapshot by Curtis Lazar.
18:04 of 2nd period - Stopped by Vitek Vanecek with a rebound.
18:06 of 2nd period - Slapshot by Cale Makar.
18:06 of 2nd period - Shot Blocked by Samuel Girard.
19:25 of 2nd period - Tyler Myers is hit by Ivan Barbashev.
19:32 of 2nd period - Minor Penalty to Josh Anderson for Hooking.
19:33 of 2nd period - Andrew Copp wins face-off versus Mikael Granlund in Avalanche zone.
19:43 of 2nd period - Wrist shot by Mathieu Joseph.
19:43 of 2nd period - Shot Blocked by Charlie Coyle.
Goals for this period are 0 for Penguins vs 1 for Avalanche.
Shots for this period are 7 for Penguins vs 14 for Avalanche.

3rd period


0:01 of 3rd period - Mikael Granlund wins face-off versus Andrew Copp in neutral zone.
0:14 of 3rd period - Slapshot by Dmitry Orlov.
0:14 of 3rd period - Shot Misses the Net.
0:16 of 3rd period - Slapshot by T.J. Oshie.
0:16 of 3rd period - Shot Misses the Net.
1:32 of 3rd period - Penalty to Josh Anderson is over, Josh Anderson is back on ice.
2:35 of 3rd period - Charlie Coyle is hit by Matt Roy.
3:35 of 3rd period - Backhand shot by Mathieu Joseph.
3:35 of 3rd period - Stopped by Spencer Knight with a rebound.
4:14 of 3rd period - Icing by Jake Sanderson.
4:15 of 3rd period - Ivan Barbashev wins face-off versus J.T. Miller in Avalanche zone.
4:22 of 3rd period - Ethan Bear is hit by Josh Anderson and loses puck.
4:41 of 3rd period - Snap shot by Ilya Mikheyev.
4:41 of 3rd period - Shot Misses the Net.
4:43 of 3rd period - Wrist shot by Ilya Mikheyev.
4:43 of 3rd period - Stopped by Spencer Knight without a rebound.
4:44 of 3rd period - Brayden Point wins face-off versus Matthew Beniers in Penguins zone.
5:02 of 3rd period - Auston Matthews is hit by Sean Durzi and loses puck.
5:11 of 3rd period - Sean Durzi is hit by Lawson Crouse and loses puck.
5:18 of 3rd period - Snap shot by Auston Matthews.
5:18 of 3rd period - Stopped by Vitek Vanecek without a rebound.
5:19 of 3rd period - Nicolas Roy wins face-off versus Mikael Granlund in Avalanche zone.
5:19 of 3rd period - Nicolas Roy is hit by Mikael Granlund.
5:25 of 3rd period - Dmitry Orlov is hit by Nicolas Roy and loses puck.
5:48 of 3rd period - Samuel Girard is hit by Curtis Lazar and loses puck.
6:07 of 3rd period - Snap shot by Andrew Copp.
6:07 of 3rd period - Shot Misses the Net.
6:09 of 3rd period - Snap shot by Eric Staal.
6:09 of 3rd period - Shot Blocked by Matthew Beniers.
6:11 of 3rd period - Slapshot by Jake Sanderson.
6:11 of 3rd period - Stopped by Spencer Knight with a rebound.
6:13 of 3rd period - Slapshot by Jake Sanderson.
6:13 of 3rd period - Shot Misses the Net.
6:15 of 3rd period - Snap shot by Mathieu Joseph.
6:15 of 3rd period - Deflect By Andrew Copp.
6:15 of 3rd period - Shot Misses the Net.
6:15 of 3rd period - Puck is out of play.
6:16 of 3rd period - Nicolas Roy wins face-off versus T.J. Oshie in Penguins zone.
6:17 of 3rd period - Backhand shot by Nino Niederreiter.
6:17 of 3rd period - Deflect By Gustav Nyquist.
6:17 of 3rd period - Shot Blocked by Ryan Murray.
6:17 of 3rd period - Puck is out of play.
6:18 of 3rd period - Nicolas Roy wins face-off versus T.J. Oshie in Penguins zone.
6:27 of 3rd period - Wrist shot by Stefan Noesen.
6:27 of 3rd period - Goal by Stefan Noesen - Penguins : 1 - Avalanche : 2.
6:28 of 3rd period - Adam Henrique wins face-off versus J.T. Miller in neutral zone.
6:37 of 3rd period - Wrist shot by Ivan Barbashev.
6:37 of 3rd period - Stopped by Spencer Knight with a rebound.
6:43 of 3rd period - Slapshot by Ivan Barbashev.
6:43 of 3rd period - Shot Misses the Net.
6:53 of 3rd period - Auston Matthews is hit by Nino Niederreiter and loses puck.
7:12 of 3rd period - Brayden Point is hit by Cale Makar and loses puck.
8:00 of 3rd period - Slapshot by Jake Sanderson.
8:00 of 3rd period - Deflect By Ethan Bear.
8:00 of 3rd period - Stopped by Spencer Knight without a rebound.
8:01 of 3rd period - Stefan Noesen wins face-off versus Adam Henrique in Penguins zone.
8:15 of 3rd period - Off-side.
8:16 of 3rd period - Nicolas Roy wins face-off versus J.T. Miller in neutral zone.
9:33 of 3rd period - Minor Penalty to Dmitry Orlov for Tripping.
9:34 of 3rd period - Mikael Granlund wins face-off versus Brayden Point in Penguins zone.
11:33 of 3rd period - Penalty to Dmitry Orlov is over, Dmitry Orlov is back on ice.
11:59 of 3rd period - Tyler Myers is hit by Nino Niederreiter and loses puck.
12:29 of 3rd period - Snap shot by Auston Matthews.
12:29 of 3rd period - Deflect By Lawson Crouse.
12:29 of 3rd period - Shot Misses the Net.
12:29 of 3rd period - Puck is out of play.
12:30 of 3rd period - Adam Henrique wins face-off versus Matthew Beniers in Avalanche zone.
12:30 of 3rd period - Adam Henrique is hit by Chad Ruhwedel.
12:51 of 3rd period - Off-side.
12:52 of 3rd period - T.J. Oshie wins face-off versus Brayden Point in neutral zone.
13:17 of 3rd period - Cale Makar is hit by Jake Sanderson and loses puck.
13:24 of 3rd period - Slapshot by Ilya Mikheyev.
13:24 of 3rd period - Shot Blocked by Dmitry Orlov.
13:26 of 3rd period - Wrist shot by Ilya Mikheyev.
13:26 of 3rd period - Shot Misses the Net.
13:28 of 3rd period - Wrist shot by Brayden Point.
13:28 of 3rd period - Shot Blocked by Cale Makar.
13:30 of 3rd period - Wrist shot by Gustav Forsling.
13:30 of 3rd period - Stopped by Spencer Knight with a rebound.
13:48 of 3rd period - Slapshot by Cale Makar.
13:48 of 3rd period - Shot Blocked by Ilya Mikheyev.
13:59 of 3rd period - Off-side.
14:00 of 3rd period - Adam Henrique wins face-off versus Matthew Beniers in neutral zone.
15:25 of 3rd period - Snap shot by Josh Anderson.
15:25 of 3rd period - Stopped by Spencer Knight without a rebound.
15:26 of 3rd period - Nicolas Roy wins face-off versus Matthew Beniers in Penguins zone.
15:48 of 3rd period - Off-side.
15:49 of 3rd period - T.J. Oshie wins face-off versus Nicolas Roy in neutral zone.
15:51 of 3rd period - Off-side.
15:52 of 3rd period - Nicolas Roy wins face-off versus T.J. Oshie in neutral zone.
15:55 of 3rd period - Mikael Granlund is hit by Samuel Girard and loses puck.
16:25 of 3rd period - Charlie Coyle is hit by Josh Anderson and loses puck.
16:50 of 3rd period - Snap shot by Matthew Beniers.
16:50 of 3rd period - Shot Blocked by Samuel Girard.
17:18 of 3rd period - Snap shot by Ilya Mikheyev.
17:18 of 3rd period - Stopped by Spencer Knight with a rebound.
17:42 of 3rd period - Wrist shot by Matt Nieto.
17:42 of 3rd period - Stopped by Vitek Vanecek with a rebound.
18:16 of 3rd period - Snap shot by Ilya Mikheyev.
18:16 of 3rd period - Stopped by Spencer Knight with a rebound.
18:18 of 3rd period - Snap shot by Gustav Forsling.
18:18 of 3rd period - Shot Misses the Net.
18:22 of 3rd period - Wrist shot by Zach Parise.
18:22 of 3rd period - Shot Misses the Net.
18:24 of 3rd period - Slapshot by Zach Parise.
18:24 of 3rd period - Shot Misses the Net.
18:26 of 3rd period - Slapshot by Gustav Forsling.
18:26 of 3rd period - Deflect By Matt Nieto.
18:26 of 3rd period - Stopped by Spencer Knight with a rebound.
18:28 of 3rd period - Wrist shot by Brayden Point.
18:28 of 3rd period - Shot Misses the Net.
18:36 of 3rd period - Slapshot by Ilya Mikheyev.
18:36 of 3rd period - Stopped by Spencer Knight with a rebound.
18:38 of 3rd period - Slapshot by Samuel Girard.
18:38 of 3rd period - Shot Misses the Net.
18:40 of 3rd period - Wrist shot by Brayden Point.
18:40 of 3rd period - Shot Misses the Net.
18:42 of 3rd period - Snap shot by Ilya Mikheyev.
18:42 of 3rd period - Shot Misses the Net.
18:44 of 3rd period - Slapshot by Zach Parise.
18:44 of 3rd period - Deflect By Ethan Bear.
18:44 of 3rd period - Stopped by Spencer Knight with a rebound.
18:46 of 3rd period - Snap shot by Brayden Point.
18:46 of 3rd period - Shot Misses the Net.
18:48 of 3rd period - Snap shot by Brayden Point.
18:48 of 3rd period - Shot Misses the Net.
18:50 of 3rd period - Slapshot by Zach Parise.
18:50 of 3rd period - Stopped by Spencer Knight without a rebound.
18:51 of 3rd period - Chris Taylor call a timeout for Penguins.
18:51 of 3rd period - Andrew Copp wins face-off versus J.T. Miller in Penguins zone.
18:58 of 3rd period - Snap shot by Nicolas Roy.
18:58 of 3rd period - Stopped by Spencer Knight without a rebound.
18:59 of 3rd period - J.T. Miller wins face-off versus Andrew Copp in Penguins zone.
18:59 of 3rd period - J.T. Miller is hit by Nicolas Roy.
19:02 of 3rd period - Icing by Charlie Coyle.
19:03 of 3rd period - J.T. Miller wins face-off versus Andrew Copp in Penguins zone.
19:08 of 3rd period - Penguins, Spencer Knight is pulled from the net.
19:22 of 3rd period - Wrist shot by J.T. Miller.
19:22 of 3rd period - Shot Blocked by Andrew Copp.
19:45 of 3rd period - Off-side.
19:46 of 3rd period - Mathieu Joseph wins face-off versus J.T. Miller in neutral zone.
19:49 of 3rd period - Snap shot by Sean Durzi.
19:49 of 3rd period - Goal by Sean Durzi - Penguins : 1 - Avalanche : 3.
19:49 of 3rd period - Spencer Knight from Penguins was sent back in the game.
19:50 of 3rd period - T.J. Oshie wins face-off versus Nicolas Roy in neutral zone.
Goals for this period are 1 for Penguins vs 1 for Avalanche.
Shots for this period are 3 for Penguins vs 15 for Avalanche.




Output by the SimonT Hockey Simulator (STHS) for Eric Tremblay - Original Page W3C HTML5 Valid
Hockey Simulator - Hockey Simulation - Hockey Manager